PA
YELLOWKNIFE DRAGONBLOOD @ GWINNETT COUNTY BLACK CATS
07/21/2029
 
TOP OF THE 1ST
Yellowknife Dragonblood batting - Pitching for Gwinnett County Black Cats : RHP Rich Choquette
Pitching: RHP Rich Choquette
Batting: RHB Bill Boyd 0-0: Ball
1-0: Swinging Strike
1-1: Bunt missed!
1-2: Foul Ball, location: 2F
1-2: Foul Ball, location: 2F
1-2: Ball
2-2: Foul Ball, location: 2F
2-2: Strikes out swinging passed ball, reaches first!
Batting: RHB Juan López 0-0: Called Strike
0-1: Ball
1-1: Ball
2-1: SINGLE (Groundball, 34D)
Bill Boyd to second
Runner from 2nd tries for 3rd, SAFE, no throw
Batting: LHB Jayden Laming 0-0: Called Strike
0-1: Called Strike
0-2: Ball
1-2: Ball
2-2: Foul Ball, location: 2F
2-2: Foul Ball, location: 2F
2-2: Foul Ball, location: 2F
2-2: Strikes out swinging
Batting: LHB Santiago Miranda 0-0: Called Strike
0-1: Foul Ball, location: 2F
0-2: Strikes out looking
Batting: RHB Cristo Cuervo 0-0: Ball
1-0: Ball
2-0: Ground out 1-3 (Groundball, 13)
Top of the 1st over - 0 runs, 1 hit, 0 errors, 2 left on base; Yellowknife 0 - Gwinnett County 0
BOTTOM OF THE 1ST
Gwinnett County Black Cats batting - Pitching for Yellowknife Dragonblood : RHP Surrealiste Zhejna
Pitching: RHP Surrealiste Zhejna
Batting: RHB Sidney Mackell 0-0: Called Strike
0-1: Ball
1-1: Called Strike
1-2: Ball
2-2: Ball
3-2: Base on Balls
Batting: LHB Ramón Vega 0-0: Called Strike
0-1: SINGLE (Groundball, 6MD)
Sidney Mackell to second
Runner from 2nd tries for 3rd, SAFE, no throw
Batting: RHB Manuel Barrios 0-0: Called Strike
0-1: Ball
1-1: Swinging Strike
1-2: Ball
2-2: Strikes out swinging
Batting: LHB Víctor Sánchez 0-0: SINGLE (Groundball, 4MD)
Sidney Mackell scores
Ramón Vega to second
Batting: RHB Matt Jeong 0-0: Foul Ball, location: 2F
0-1: Swinging Strike
0-2: DOUBLE (Groundball, 5L)
Ramón Vega scores
Víctor Sánchez to third
Runner from 3rd tries for Home, SAFE, no throw
Batting: RHB Chang-lit Min 0-0: SINGLE (Groundball, 34D)
Matt Jeong to third
Runner from 3rd tries for Home, SAFE, no throw
Batting: RHB Bill Wilson 0-0: Ball
Chang-lit Min steals 2nd base
1-0: Ball
2-0: Ball
3-0: Base on Balls
Batting: LHB Marvello Obra 0-0: Fly out, F8 (Flyball, 8RXD)
Runner from 2nd tags up, SAFE at 3rd, no throw
Batting: RHB Elder Sarrano 0-0: Ball
1-0: SINGLE (Groundball, 34D)
Chang-lit Min scores
Bill Wilson to second
Runner from 2nd tries for 3rd, SAFE, no throw
Batting: RHB Sidney Mackell 0-0: Ground out 4-3 (Groundball, 4)
Bottom of the 1st over - 5 runs, 5 hits, 0 errors, 2 left on base; Yellowknife 0 - Gwinnett County 5
TOP OF THE 2ND
Yellowknife Dragonblood batting - Pitching for Gwinnett County Black Cats : RHP Rich Choquette
Batting: RHB Gilberto Clemente 0-0: Ground out 4-3 (Groundball, 4)
Batting: RHB Víctor Cuevas 0-0: Ground out 5-3 (Groundball, 56)
Batting: RHB Víctor Murguia 0-0: Foul Ball, location: 2F
0-1: Ball
1-1: Ball
2-1: Ball
3-1: SINGLE (Flyball, 7LS)
Batting: RHB Andy Garnet 0-0: Foul Ball, location: 2F
0-1: Called Strike
0-2: Ball
1-2: Ball
2-2: Fly out, F7 (Flyball, 78S)
Top of the 2nd over - 0 runs, 1 hit, 0 errors, 1 left on base; Yellowknife 0 - Gwinnett County 5
BOTTOM OF THE 2ND
Gwinnett County Black Cats batting - Pitching for Yellowknife Dragonblood : RHP Surrealiste Zhejna
Batting: LHB Ramón Vega 0-0: Foul Ball, location: 2F
0-1: Swinging Strike
0-2: Foul Ball, location: 2F
0-2: Ball
1-2: Ground out 6-3 (Groundball, 6)
Batting: RHB Manuel Barrios 0-0: Ball
1-0: Foul Ball, location: 2F
1-1: Ground out 6-3 (Groundball, 56)
Batting: LHB Víctor Sánchez 0-0: Ball
1-0: Fly out, F4 (Line Drive, 4)
Bottom of the 2nd over - 0 runs, 0 hits, 0 errors, 0 left on base; Yellowknife 0 - Gwinnett County 5
TOP OF THE 3RD
Yellowknife Dragonblood batting - Pitching for Gwinnett County Black Cats : RHP Rich Choquette
Batting: RHB Bill Boyd 0-0: Fly out, F8 (Flyball, 89D)
Batting: RHB Juan López 0-0: Called Strike
0-1: Foul Ball, location: 2F
0-2: Strikes out swinging, 2-3 out at first.
Batting: LHB Jayden Laming 0-0: Fly out, F9 (Flyball, 89M)
Top of the 3rd over - 0 runs, 0 hits, 0 errors, 0 left on base; Yellowknife 0 - Gwinnett County 5
BOTTOM OF THE 3RD
Gwinnett County Black Cats batting - Pitching for Yellowknife Dragonblood : RHP Surrealiste Zhejna
Batting: RHB Matt Jeong 0-0: Ball
1-0: Ball
2-0: Called Strike
2-1: Foul Ball, location: 2F
2-2: Foul Ball, location: 2F
2-2: Ball
3-2: Fly out, F8 (Flyball, 8LS)
Batting: RHB Chang-lit Min 0-0: Ball
1-0: Ball
2-0: Swinging Strike
2-1: Foul Ball, location: 2F
2-2: Strikes out swinging
Batting: RHB Bill Wilson 0-0: Ball
1-0: Ball
2-0: Ball
3-0: Base on Balls
Batting: LHB Marvello Obra 0-0: Ball
1-0: Ground out U3 (Groundball, 34)
Bottom of the 3rd over - 0 runs, 0 hits, 0 errors, 1 left on base; Yellowknife 0 - Gwinnett County 5
TOP OF THE 4TH
Yellowknife Dragonblood batting - Pitching for Gwinnett County Black Cats : RHP Rich Choquette
Batting: LHB Santiago Miranda 0-0: Ball
1-0: Called Strike
1-1: Ball
2-1: Swinging Strike
2-2: Foul Ball, location: 2F
2-2: SINGLE (Line Drive, 3L)
Batting: RHB Cristo Cuervo 0-0: Called Strike
0-1: Foul Ball, location: 2F
0-2: Ball
1-2: Foul Ball, location: 2F
1-2: Ball
2-2: Foul Ball, location: 2F
2-2: Strikes out swinging
Batting: RHB Gilberto Clemente 0-0: Ball
1-0: Ball
2-0: Foul Ball, location: 2F
2-1: Ball
3-1: Swinging Strike
3-2: Foul Ball, location: 2F
3-2: Base on Balls
Santiago Miranda to second
Batting: RHB Víctor Cuevas 0-0: Ball
1-0: Called Strike
1-1: Fielders Choice at 2nd, 6-4 (Groundball, 56)
Santiago Miranda to third
Batting: RHB Víctor Murguia 0-0: Called Strike
0-1: Swinging Strike
0-2: Ball
1-2: Strikes out looking
Top of the 4th over - 0 runs, 1 hit, 0 errors, 2 left on base; Yellowknife 0 - Gwinnett County 5
BOTTOM OF THE 4TH
Gwinnett County Black Cats batting - Pitching for Yellowknife Dragonblood : RHP Surrealiste Zhejna
Batting: RHB Elder Sarrano 0-0: Ground out 3-1 (Groundball, 34)
Batting: RHB Sidney Mackell 0-0: Ball
1-0: Swinging Strike
1-1: Fly out, F7 (Flyball, 7S)
Batting: LHB Ramón Vega 0-0: Ball
1-0: Ball
2-0: Ball
3-0: Base on Balls
Pitching: RHP Shang-de Fu
Batting: RHB Manuel Barrios 0-0: Fly out, F4 (Popup, 34)
Bottom of the 4th over - 0 runs, 0 hits, 0 errors, 1 left on base; Yellowknife 0 - Gwinnett County 5
TOP OF THE 5TH
Yellowknife Dragonblood batting - Pitching for Gwinnett County Black Cats : RHP Rich Choquette
Batting: RHB Andy Garnet 0-0: Called Strike
0-1: Ground out 6-3 (Groundball, 6)
Batting: RHB Bill Boyd 0-0: Ball
1-0: Ball
2-0: Foul Ball, location: 2F
2-1: Foul Ball, location: 2F
2-2: Ball
3-2: Strikes out swinging
Batting: RHB Juan López 0-0: Ball
1-0: Called Strike
1-1: Foul Ball, location: 2F
1-2: Ball
2-2: Ball
3-2: Ground out 6-3 (Groundball, 6)
Top of the 5th over - 0 runs, 0 hits, 0 errors, 0 left on base; Yellowknife 0 - Gwinnett County 5
BOTTOM OF THE 5TH
Gwinnett County Black Cats batting - Pitching for Yellowknife Dragonblood : RHP Shang-de Fu
Batting: LHB Víctor Sánchez 0-0: Ball
1-0: Ball
2-0: Called Strike
2-1: Called Strike
2-2: Ball
3-2: Base on Balls
Batting: RHB Matt Jeong 0-0: Ball
Passed Ball!
Víctor Sánchez to second
1-0: Foul Ball, location: 2F
1-1: Ball
2-1: Foul Ball, location: 2F
2-2: Ball
3-2: Base on Balls
Batting: RHB Chang-lit Min 0-0: Ball
1-0: Bunted foul
1-1: Sac Bunt - play at first, batter OUT! 3-4
Víctor Sánchez to third
Matt Jeong to second
Batting: RHB Bill Wilson 0-0: Ball
1-0: Foul Ball, location: 2F
1-1: Ground out U3 (Groundball, 3)
Batting: LHB Marvello Obra 0-0: Ground out 6-3 (Groundball, 6)
Bottom of the 5th over - 0 runs, 0 hits, 0 errors, 2 left on base; Yellowknife 0 - Gwinnett County 5
TOP OF THE 6TH
Yellowknife Dragonblood batting - Pitching for Gwinnett County Black Cats : RHP Rich Choquette
Batting: LHB Jayden Laming 0-0: Foul Ball, location: 2F
0-1: Foul Ball, location: 2F
0-2: Ground out 3-1 (Groundball, 34)
Batting: LHB Santiago Miranda 0-0: Called Strike
0-1: Foul Ball, location: 2F
0-2: Ball
1-2: Foul Ball, location: 2F
1-2: SINGLE (Groundball, 34) (infield hit)
Batting: RHB Cristo Cuervo 0-0: Ball
1-0: Called Strike
1-1: Called Strike
1-2: Strikes out swinging
Batting: RHB Gilberto Clemente 0-0: Ball
1-0: Ball
2-0: Called Strike
2-1: Foul Ball, location: 2F
2-2: Strikes out swinging
Top of the 6th over - 0 runs, 1 hit, 0 errors, 1 left on base; Yellowknife 0 - Gwinnett County 5
BOTTOM OF THE 6TH
Gwinnett County Black Cats batting - Pitching for Yellowknife Dragonblood : RHP Shang-de Fu
Batting: RHB Elder Sarrano 0-0: Called Strike
0-1: Ball
1-1: SINGLE (Groundball, 34D)
Batting: RHB Sidney Mackell 0-0: Called Strike
0-1: Ball
1-1: SINGLE (Line Drive, 8RS)
Elder Sarrano to second
Batting: LHB Ramón Vega 0-0: Reached on error, E3 (Groundball, 23)
Elder Sarrano scores
Sidney Mackell to third
Batting: RHB Manuel Barrios 0-0: Called Strike
0-1: Fly out, F4 (Popup, 4M)
Batting: LHB Víctor Sánchez 0-0: Ground out 4-3 (Groundball, 4MS)
Sidney Mackell scores
Ramón Vega to third
Batting: RHB Matt Jeong 0-0: Ball
1-0: Ball
2-0: Called Strike
2-1: Fly out, F5 (Popup, 5)
Bottom of the 6th over - 2 runs, 2 hits, 1 error, 1 left on base; Yellowknife 0 - Gwinnett County 7
TOP OF THE 7TH
Yellowknife Dragonblood batting - Pitching for Gwinnett County Black Cats : RHP Rich Choquette
Batting: RHB Víctor Cuevas 0-0: Foul Ball, location: 2F
0-1: Swinging Strike
0-2: Strikes out swinging
Batting: RHB Víctor Murguia 0-0: Ball
1-0: Ground out 5-3 (Groundball, 56S)
Batting: RHB Andy Garnet 0-0: Ball
1-0: Swinging Strike
1-1: Foul Ball, location: 2F
1-2: Strikes out looking
Top of the 7th over - 0 runs, 0 hits, 0 errors, 0 left on base; Yellowknife 0 - Gwinnett County 7
BOTTOM OF THE 7TH
Gwinnett County Black Cats batting - Pitching for Yellowknife Dragonblood : RHP Shang-de Fu
Batting: RHB Chang-lit Min 0-0: Swinging Strike
0-1: Foul Ball, location: 2F
0-2: Foul Ball, location: 2F
0-2: Strikes out swinging
Batting: RHB Bill Wilson 0-0: Called Strike
0-1: Ground out 6-3 (Groundball, 6)
Batting: LHB Marvello Obra 0-0: Ball
1-0: Ground out U3 (Groundball, 3)
Bottom of the 7th over - 0 runs, 0 hits, 0 errors, 0 left on base; Yellowknife 0 - Gwinnett County 7
TOP OF THE 8TH
Yellowknife Dragonblood batting - Pitching for Gwinnett County Black Cats : RHP Rich Choquette
Now at 2B: Kauna Aleferede
Batting: RHB Bill Boyd 0-0: Called Strike
0-1: Ball
1-1: Swinging Strike
1-2: Strikes out swinging
Batting: RHB Juan López 0-0: Ball
1-0: Called Strike
1-1: Fly out, F9 (Flyball, 9S)
Batting: LHB Jayden Laming 0-0: Called Strike
0-1: Foul Ball, location: 2F
0-2: Ball
1-2: Ball
2-2: Strikes out swinging
Top of the 8th over - 0 runs, 0 hits, 0 errors, 0 left on base; Yellowknife 0 - Gwinnett County 7
BOTTOM OF THE 8TH
Gwinnett County Black Cats batting - Pitching for Yellowknife Dragonblood : RHP Shang-de Fu
Batting: RHB Elder Sarrano 0-0: Ball
1-0: Called Strike
1-1: Swinging Strike
1-2: SINGLE (Groundball, 56D)
Batting: RHB Sidney Mackell 0-0: Ball
1-0: Foul Ball, location: 2F
1-1: Ball
2-1: Foul Ball, location: 2F
2-2: SINGLE (Groundball, 5D)
Elder Sarrano to second
Batting: LHB Ramón Vega 0-0: Fly out, F5 (Line Drive, 5L)
Batting: RHB Manuel Barrios 0-0: Ball
1-0: Fly out, F8 (Flyball, 89M)
Batting: LHB Víctor Sánchez 0-0: Ball
1-0: Called Strike
1-1: Foul Ball, location: 2F
1-2: Fielders Choice at 2nd, 6-4 (Groundball, 6)
Bottom of the 8th over - 0 runs, 2 hits, 0 errors, 2 left on base; Yellowknife 0 - Gwinnett County 7
TOP OF THE 9TH
Yellowknife Dragonblood batting - Pitching for Gwinnett County Black Cats : RHP Rich Choquette
Now at C: Rikky van Opel
Batting: LHB Santiago Miranda 0-0: Called Strike
0-1: Called Strike
0-2: Ball
1-2: Ball
2-2: Foul Ball, location: 2F
2-2: SINGLE (Groundball, 4MD)
Batting: RHB Cristo Cuervo 0-0: Called Strike
0-1: SINGLE (Groundball, 6MD)
Santiago Miranda to second
Batting: RHB Gilberto Clemente 0-0: Foul Ball, location: 2F
0-1: Ball
1-1: Foul Ball, location: 2F
1-2: Ball
2-2: Strikes out swinging
Batting: RHB Víctor Cuevas 0-0: Ball
1-0: Ball
2-0: Ball
3-0: Base on Balls
Santiago Miranda to third
Cristo Cuervo to second
Batting: RHB Víctor Murguia 0-0: Ball
1-0: Foul Ball, location: 2F
1-1: SINGLE (Line Drive, 4D)
Santiago Miranda scores
Cristo Cuervo to third
Víctor Cuevas to second
Pitching: RHP Mike Huffman
Batting: RHB Andy Garnet 0-0: SINGLE (Line Drive, 4)
Cristo Cuervo scores
Víctor Cuevas to third
Víctor Murguia to second
Pitching: RHP Ming-hoa Zhou
Batting: RHB Bill Boyd 0-0: Ball
1-0: Foul Ball, location: 2F
1-1: Swinging Strike
1-2: Strikes out swinging
Batting: RHB Juan López 0-0: Called Strike
0-1: Ball
1-1: Ball
2-1: Called Strike
2-2: Strikes out swinging
Top of the 9th over - 2 runs, 4 hits, 0 errors, 3 left on base; Yellowknife 2 - Gwinnett County 7
Tuesday, December 19th, 2017 - OOTP Baseball 18.8 Build 76